[ AOE2 MATCH · #507095348 ]
UnrankedBengalis vs Dravidians
Player's team · LOSS
[ REPLAY ANALYSIS · EXTRACTED FROM THE RECORDED GAME ]
Feudal
9:15
Castle
—
Imperial
—
| APM avg | 49.1 |
| APM peak | 77 |
| eAPM avg | 20.4 |
| Villagers / military | 40 / 6 |
Focus
⚔️ 19.2% · 🌾 80.8%
Militia ×6
Feudal
8:55
Castle
—
Imperial
—
| APM avg | 71.2 |
| APM peak | 120 |
| eAPM avg | 23.7 |
| Villagers / military | 26 / 13 |
Focus
⚔️ 33.6% · 🌾 66.4%
Archer ×9 · Militia ×4
Match map
Initial resources + every placement click. Lines = walls · curves = elevation contours. ◆ gold · ⬟ stone · ● berries · ✦ relic · ◌ wall gap
Your base· ✓ Closed at 12:00 · 0t walls · 3 gate(s)
_Riley_'s base· ✓ Closed at 12:00 · 0t walls · 4 gate(s)
Smoothed initial terrain · ◌ = detected wall gap · hover for details
Inputs per minute
— Riut - - _Riley_
Build order — Riut
82 actions detected in the replay
| 0:00 | Queue | Villager (Male) |
| 0:00 | Queue | Villager (Male) |
| 0:01 | Queue | Villager (Male) |
| 0:01 | Queue | Villager (Male) |
| 0:01 | Queue | Villager (Male) |
| 0:02 | Build | House |
| 0:03 | Build | House |
| 1:27 | Queue | Villager (Male) |
| 1:27 | Queue | Villager (Male) |
| 1:46 | Build | Lumber Camp |
| 1:49 | Queue | Villager (Male) |
| 1:49 | Queue | Villager (Male) |
| 2:21 | Queue | Villager (Male) |
| 2:21 | Queue | Villager (Male) |
| 2:21 | Queue | Villager (Male) |
| 2:52 | Queue | Villager (Male) |
| 3:00 | Build | House |
| 3:40 | Queue | Villager (Male) |
| 3:40 | Queue | Villager (Male) |
| 3:40 | Queue | Villager (Male) |
| 3:40 | Queue | Villager (Male) |
| 4:09 | Queue | Villager (Male) |
| 4:09 | Queue | Villager (Male) |
| 5:00 | Queue | Villager (Male) |
| 5:01 | Queue | Villager (Male) |
| 5:06 | Queue | Villager (Male) |
| 5:06 | Queue | Villager (Male) |
| 5:06 | Research | Loom |
| 5:30 | Build | Barracks |
| 5:43 | Build | House |
| 6:42 | Research | Feudal Age |
| 6:48 | Build | Mining Camp |
| 7:21 | Queue | Militia |
| 7:21 | Queue | Militia |
| 7:21 | Queue | Militia |
| 7:22 | Queue | Militia |
| 7:44 | Queue | Militia |
| 8:38 | Queue | Villager (Male) |
| 8:47 | Queue | Militia |
| 8:50 | Build | Mining Camp |
| 9:14 | Build | Mill |
| 9:15 | Age | Feudal Age |
| 9:23 | Research | Town Watch |
| 9:23 | Research | Town Watch |
| 9:26 | Build | House |
| 9:50 | Queue | Villager (Male) |
| 10:07 | Queue | Villager (Male) |
| 10:22 | Research | Double-Bit Axe |
| 10:33 | Queue | Villager (Male) |
| 10:46 | Build | Watch Tower |
| 11:00 | Queue | Villager (Male) |
| 11:00 | Queue | Villager (Male) |
| 11:22 | Research | Horse Collar |
| 11:30 | Build | Watch Tower |
| 11:48 | Queue | Villager (Male) |
| 12:02 | Build | Stone Wall |
| 12:09 | Build | Stone Wall |
| 12:11 | Queue | Villager (Male) |
| 12:19 | Build | Farm |
| 12:21 | Queue | Villager (Male) |
| 12:25 | Build | Farm |
| 12:33 | Build | Stone Wall |
| 12:58 | Build | Stone Wall |
| 13:05 | Queue | Villager (Male) |
| 13:05 | Queue | Villager (Male) |
| 13:06 | Queue | Villager (Male) |
| 13:20 | Build | Watch Tower |
| 13:26 | Queue | Villager (Male) |
| 13:29 | Build | House |
| 13:31 | Build | House |
| 13:36 | Build | Market |
| 13:43 | Build | Stone Wall |
| 14:03 | Build | Palisade Wall |
| 14:04 | Build | House |
| 14:09 | Build | House |
| 14:20 | Build | Stone Wall |
| 14:22 | Build | Stone Wall |
| 14:25 | Queue | Villager (Male) |
| 14:25 | Queue | Villager (Male) |
| 14:25 | Queue | Villager (Male) |
| 14:25 | Queue | Villager (Male) |
| 14:29 | Build | Farm |
Build order — _Riley_
66 actions detected in the replay
| 0:00 | Queue | Villager (Male) |
| 0:01 | Queue | Villager (Male) |
| 0:01 | Queue | Villager (Male) |
| 0:02 | Build | House |
| 0:03 | Build | House |
| 0:08 | Queue | Villager (Male) |
| 1:24 | Queue | Villager (Male) |
| 1:50 | Queue | Villager (Male) |
| 1:50 | Queue | Villager (Male) |
| 1:52 | Build | Lumber Camp |
| 2:05 | Queue | Villager (Male) |
| 2:53 | Queue | Villager (Male) |
| 3:18 | Queue | Villager (Male) |
| 3:39 | Queue | Villager (Male) |
| 3:50 | Build | House |
| 4:05 | Queue | Villager (Male) |
| 4:19 | Queue | Villager (Male) |
| 4:40 | Build | House |
| 4:46 | Queue | Villager (Male) |
| 5:00 | Queue | Villager (Male) |
| 5:15 | Queue | Villager (Male) |
| 5:40 | Build | Barracks |
| 5:47 | Research | Loom |
| 5:47 | Research | Loom |
| 6:45 | Research | Feudal Age |
| 6:52 | Build | Mining Camp |
| 7:04 | Queue | Militia |
| 7:25 | Queue | Militia |
| 7:35 | Build | House |
| 7:58 | Build | House |
| 8:03 | Queue | Militia |
| 8:26 | Queue | Villager (Male) |
| 8:55 | Age | Feudal Age |
| 8:58 | Research | Man-at-Arms (upgrade) |
| 9:09 | Build | Archery Range |
| 9:16 | Queue | Villager (Male) |
| 9:52 | Queue | Archer |
| 9:53 | Build | Archery Range |
| 9:54 | Queue | Militia |
| 10:07 | Queue | Villager (Male) |
| 10:08 | Queue | Archer |
| 10:22 | Build | Mill |
| 10:31 | Queue | Archer |
| 10:38 | Queue | Villager (Male) |
| 11:03 | Queue | Villager (Male) |
| 11:09 | Build | Blacksmith |
| 11:15 | Queue | Archer |
| 11:22 | Queue | Villager (Male) |
| 11:47 | Build | Watch Tower |
| 11:54 | Queue | Archer |
| 11:56 | Queue | Villager (Male) |
| 12:01 | Build | House |
| 12:12 | Queue | Archer |
| 12:22 | Queue | Villager (Male) |
| 12:33 | Research | Double-Bit Axe |
| 12:38 | Research | Fletching |
| 12:38 | Research | Fletching |
| 13:00 | Queue | Archer |
| 13:02 | Build | Mining Camp |
| 13:27 | Queue | Villager (Male) |
| 13:29 | Build | Farm |
| 13:36 | Queue | Archer |
| 13:55 | Queue | Archer |
| 14:26 | Queue | Villager (Male) |
| 14:31 | Build | Farm |
| 14:32 | Build | Farm |
Match timeline
| 5:30 | Riut · first_building Barracks |
| 5:40 | _Riley_ · first_building Barracks |
| 8:55 | _Riley_ · age_up feudal |
| 9:09 | _Riley_ · first_building Archery Range |
| 9:15 | Riut · age_up feudal |
| 12:02 | Riut · wall_segment Stone Wall x3 |
| 12:09 | Riut · wall_segment Stone Wall x10 |
| 12:33 | Riut · wall_segment Stone Wall x6 |
| 12:58 | Riut · wall_segment Stone Wall x1 |
| 13:43 | Riut · wall_segment Stone Wall x1 |
| 14:03 | Riut · wall_segment Palisade Wall x1 |
| 14:20 | Riut · wall_segment Stone Wall x6 |
| 14:22 | Riut · wall_segment Stone Wall x1 |
| 14:35 | Riut · resign |
[ AI ANALYSIS · 1 CREDIT ]
What really happened in this match?
Wolo.gg analyzes every decision: build order, eco, micro, common mistakes by bracket. Personalized analysis on WhatsApp or Discord in 30 seconds.
Civ guide
Bengalis
Perfil
Jugador #1045839